 Dungeon Crawl Stone Soup version 0.27-a0-1590-g15f69828bf (webtiles) character file.

Game seed: 17396865734867240328

336 Gwenloh the Insei (level 6, -1/43 HPs)
             Began as a Merfolk Transmuter on July 18, 2021.
             Was an Initiate of Wu Jian.
             Slain by a quokka (2 damage)
             ... summoned by Eustachio
             ... on level 4 of the Dungeon.
             The game lasted 00:15:43 (4138 turns).

Gwenloh the Insei (Merfolk Transmuter)              Turns: 4138, Time: 00:15:43

Health: -1/43      AC:  2    Str: 10      XL:     6   Next: 54%
Magic:  5/9        EV: 12    Int: 13      God:    Wu Jian [......]
Gold:   158        SH:  0    Dex: 13 (16) Spells: 3/9 levels left

rFire    . . .     SeeInvis +     - Unarmed
rCold    . . .     Faith    .   (no shield)
rNeg     . . .     Spirit   .   a - +0 robe
rPois    +         Reflect  .   (helmet currently unavailable)
rElec    .         Harm     .   (no cloak)
rCorr    .         Rampage  .   (no gloves)
Will     .....                  (boots currently unavailable)
Stlth    +.........             (no amulet)
HPRegen  0.14/turn              c - ring of poison resistance
MPRegen  0.11/turn              f - ring of see invisible

@: about to teleport, appendages, wereblooded
A: horns 2, (nimble swimmer 2), mertail
a: End Transformation, Renounce Religion


You were on level 4 of the Dungeon.
You worshipped Wu Jian.
Wu Jian was noncommittal.
You had temporarily grown beastly horns.
You visited 2 branches of the dungeon, and saw 5 of its levels.

You collected 158 gold pieces.

Inventory:

Missiles
 h - 7 silver javelins
 l - 41 stones
 n - 11 poisoned darts (quivered)
 p - 5 javelins
Armour
 a - a +0 robe (worn)
Jewellery
 c - a ring of poison resistance (left hand)
 f - a ring of see invisible (right hand)
 g - a ring of fire
 m - a ring of resist corrosion
Scrolls
 b - a scroll of enchant armour {unknown}
 d - a scroll of summoning {unknown}
 e - 2 scrolls of teleportation
 i - a scroll of magic mapping {unknown}
 j - a scroll of identify {unknown}
Potions
 k - a potion of brilliance {unknown}
 o - a potion of degeneration {unknown}


   Skills:
 - Level 1.1 Fighting
 - Level 2.6 Dodging
 + Level 6.1 Unarmed Combat
 - Level 2.0 Spellcasting
 + Level 5.7 Transmutations
 - Level 2.0 Poison Magic


You had 3 spell levels left.
You knew the following spells:

 Your Spells              Type           Power      Damage    Failure   Level
a - Beastly Appendage     Tmut           32%        N/A       2%          1
b - Wereblood             Tmut           16%        N/A       3%          2
c - Spider Form           Tmut/Pois      5%         N/A       16%         3

Your spell library contained the following spells:

 Spells                   Type           Power      Damage    Failure   Level
 Freeze                   Ice            4%         1d3       26%         1
 Ice Form                 Ice/Tmut       8%         N/A       61%         4


Dungeon Overview and Level Annotations

Branches:
Dungeon (4/15)             Temple (1/1) D:4

Altars:
Ashenzari
Dithmenos
Elyvilon
Fedhas
Gozag
Hepliaklqana
Kikubaaqudgha
Makhleb
Nemelex Xobeh
Qazlal
Ru
Sif Muna
Trog
Uskayaw
Wu Jian
Yredelemnul
The Shining One

Shops:
D:1 (=*   D:4 (

Annotations:
D:4 Eustachio


Innate Abilities, Weirdness & Mutations

You have temporarily grown beastly horns.
((You are quick and stealthy near water. (Stealth+, EV+, Speed+++)))
Your lower body shifts to a powerful aquatic tail in water.


Message History

Eustachio blinks!
The river rat bites you! The quasit closely misses you. The quasit misses you.
The quasit claws you but does no damage.
Casting: Wereblood (safe; 3% risk of failure)
Confirm with . or Enter, or press ? or * to list all spells.
You grow a pair of large bovine horns.
The quokka bites you.
* * * LOW HITPOINT WARNING * * *
The quasit barely misses you. The quasit claws you.
* * * LOW HITPOINT WARNING * * *
The quasit closely misses you. The river rat closely misses you.
Okay, then.
As you read the scroll labelled GUNWIL FEAMEYNN, it crumbles to dust.
You feel strangely unstable.
It was a scroll of teleportation.
The quokka twitches its whiskers.
The quokka misses you. The quasit bites you.
* * * LOW HITPOINT WARNING * * *
You feel clumsy.
The quasit claws you but does no damage.
The quasit claws you.
* * * LOW HITPOINT WARNING * * *
The river rat twitches its whiskers.
Eustachio mumbles some strange words.
Eustachio blinks!
The river rat barely misses you.
You completely miss the quasit. Your headbutt misses the quasit.
The quokka misses you. The quasit bites you.
* * * LOW HITPOINT WARNING * * *
You feel clumsy. The quasit claws you.
* * * LOW HITPOINT WARNING * * *
The quasit claws you.
* * * LOW HITPOINT WARNING * * *
You feel clumsy.
The iron imp shouts, "Flounder, thou rough-hewn toot-wallowing efter!"
You closely miss the quasit.
You headbutt the quasit, but do no damage.
You howl as the wereblood boils in your veins!
The quasit barely misses you. The quasit misses you. The quasit claws you.
* * * LOW HITPOINT WARNING * * *
The quokka bites you.
You die...

.## #.....###..## ##.....#.
..# #....##...## ##........
#.# #....#..### #.........
#.# #....#.## #.........
#.###..#...# #......r..
...##(.....# #...(.(...
......#.#.## ###.§.(.....
#...###.#..# ####r..(.(.@...
..###...##.####r@r5###.....#.
#........#.....5##### ###.##
..##..>..##...<.....##.. #
#..#........#.#####....#
##.##...###...#.........
##..#.###.......#######.
#...#.#.....#####
#.#...).#########
.....#..÷)......###########


You could see an iron imp (summoned), a quasit (summoned), 2 river rats and a
quokka (summoned).

Vanquished Creatures
  An ogre (D:2)
  A hound (D:4)
  An orc priest (D:2)
  3 iguanas (D:4)
  3 adders (D:2)
  An adder skeleton (D:4)
  3 worms
  2 dart slugs
  4 orcs (D:2)
  A bat (D:1)
  3 endoplasms
  9 giant cockroaches
  4 goblins
  4 hobgoblins
  11 jackals
  4 ball pythons
  3 frilled lizards
  6 kobolds
  4 rats
68 creatures vanquished.

Notes
Turn   | Place    | Note
-------+----------+-------------------------------------------
     0 | D:1      | Gwenloh the Merfolk Transmuter began the quest for the Orb.
     0 | D:1      | Reached XP level 1. HP: 15/15 MP: 3/3
   165 | D:1      | Found Neadgh's Jewellery Emporium.
   187 | D:1      | Found a faded altar of an unknown god.
   198 | D:1      | Got Plato's Grimoire of Cold
   227 | D:1      | Found Buykofa's Antique Weapon Boutique.
   303 | D:1      | Reached XP level 2. HP: 12/21 MP: 3/5
   306 | D:1      | Learned a level 2 spell: Wereblood
   469 | D:1      | Found Lerae's General Store.
   843 | D:1      | Reached skill level 4 in Unarmed Combat
  1232 | D:2      | Reached XP level 3. HP: 10/26 MP: 6/6
  1664 | D:2      | Reached XP level 4. HP: 32/32 MP: 4/7
  1693 | D:2      | Learned a level 3 spell: Spider Form
  1873 | D:2      | Reached skill level 5 in Unarmed Combat
  2262 | D:2      | Noticed an ogre
  2274 | D:2      | Killed an ogre
  2275 | D:2      | Reached skill level 1 in Poison Magic
  2275 | D:2      | Reached XP level 5. HP: 37/37 MP: 5/8
  2460 | D:3      | Found an opulent altar of Gozag.
  2578 | D:3      | Found a broken altar of Ashenzari.
  3183 | D:4      | Found a staircase to the Ecumenical Temple.
  3221 | Temple   | Entered the Ecumenical Temple
  3333 | Temple   | Became a worshipper of the Wu Jian Council
  3393 | D:4      | Reached skill level 5 in Transmutations
  3393 | D:4      | Reached XP level 6. HP: 28/43 MP: 6/9
  3491 | D:4      | Reached skill level 6 in Unarmed Combat
  3636 | D:4      | Found Siaja's Weapon Emporium.
  4111 | D:4      | Noticed Eustachio
  4137 | D:4      | HP: 2/43 [quasit[Eustachio] (2)]
  4138 | D:4      | Slain by a quokka

Illustrated notes

Levels and vault maps discovered:
D:1:      minmay_arrival_arboretum_large, layout_basic, serial_shops, shop,
          nicolae_shop_statue_plus, shop, shapermc_ecumenical_altar_rom_forum,
          chequers_serial_rivers_marsh
D:2:      cheibrodos_pilgrimage, layout_basic, minmay_fractal_squares_gapless_5
D:3:      layout_basic, nicolae_gozag_cash_rules_everything_around_me,
          mainiacjoe_overflow_small_starburst
D:4:      layout_rooms, minmay_temple_entry_slanted, serial_shops, shop,
          item_on_display_a, uniq_eustachio
Temple:   regret_index_temple_waves

Skill      XL: |  1  2  3  4  5  6 |
---------------+-------------------+-----
Transmutations | 3 4 5 |  5.7
Unarmed Combat | 4 5 6 |  6.1
Poison Magic   | 1 2 |  2.0
Fighting       | |  1.1
Dodging        | |  2.6
Spellcasting   | |  2.0

Action                   |  1- 3 |  4- 6 || total
-------------------------+-------+-------++-------
Melee: Unarmed           |    94 |   139 ||   233
       Headbutt          |    17 |    17 ||    34
       Punch             |       |     2 ||     2
Throw: Javelin           |     1 |     1 ||     2
       Dart              |       |    21 ||    21
 Cast: Beastly Appendage |    20 |    26 ||    46
       Wereblood         |     3 |     5 ||     8
       Spider Form       |       |     4 ||     4
  Use: Scroll            |       |     1 ||     1
 Stab: Sleeping          |       |     2 ||     2
Armor: Robe              |    16 |    10 ||    26
Dodge: Dodged            |    50 |    88 ||   138

Table legend: (Time is in decaauts)
 A = Elapsed time spent in this place.
 B = Non-inter-level travel time spent in this place.
 C = Inter-level travel time spent in this place.
 D = Time resting spent in this place.
 E = Time spent auto-exploring this place.
 F = Levels seen in this place.
 G = Mean time per level.
                   A        B        C        D        E       F      G
               +--------+--------+--------+--------+--------+-----+--------+
         Total |   4111 |   3964 |    147 |    213 |   3104 |   5 |  822.2 |
       Dungeon |   3962 |   3869 |     93 |    213 |   3013 |   4 |  990.5 |
        Temple |    148 |     94 |     54 |      0 |     91 |   1 |  148.0 |
               +--------+--------+--------+--------+--------+-----+--------+

Top non-repeatable levels by time:
     D:2: 1311 daAuts
     D:1: 1133 daAuts
     D:4: 799 daAuts
     D:3: 717 daAuts
  Temple: 148 daAuts
